[Event "*** MasterClass Titled Tuesday Blitz"]
[Site "Chess.com"]
[Date "2017.12.12"]
[Round "1"]
[White "DrVelja"]
[Black "AquivaRubinstein"]
[Result "1/2-1/2"]
[WhiteElo "2549"]
[BlackElo "2274"]
[TimeControl "180+2"]
[EndTime "13:14:22 PST"]
[Termination "Game drawn by 50-move rule"]

1. e4 c5 2. Nf3 d6 3. d4 cxd4 4.
Nxd4 Nf6 5. Nc3 a6 6. Bg5 e6 7. f4 h6 8. Bh4 Qb6 9. a3 Be7 10. Bf2 Qc7 11. Qf3 Nbd7 12. O-O-O b5 13. g4 Bb7 14.
Bg2 g5 15. h4 gxf4 16. g5 Ne5 17. Qxf4 hxg5 18. hxg5 Rxh1 19. Rxh1 Nfd7 20. Kb1 O-O-O 21.
Be3 Rg8 22. Rh5 Qd8 23. Bc1 Qf8 24. Bh3 Qg7 25. Bf1 Nc5 26. Nf3 Ncd7 27. Nxe5 Nxe5 28. Be2 Rh8 29. Qh4 Rxh5 30. Qxh5 Kc7 31. Bf4 Ng6 32. Be3 Qh8 33. Qh6 Bf8 34. Qxh8 Nxh8 35. Kc1 Ng6 36.
Kd2 Bg7 37. Bd3 Ne5 38. Nd1 Kd7 39. Nf2 d5 40. exd5 Bxd5 41. b3 Nf3+ 42. Ke2 Bf8 43. Ne4 Ne5 44. Nf6+ Kc6 45. a4 Nxd3 46. axb5+ axb5 47. Kxd3 Be7 48. Ng4 Bd6 49. c4 bxc4+ 50. bxc4 Bf3 51.
Nh6 Bh5 52. Ng8 Kd7 53. c5 Be7 54. Kc4 Bd8 55. Nh6 Kc6 56. Bf4 Be7 57. Be3 Bf8 58. Ng8 Kd7 59. Nf6+ Kc6 60. Nxh5 Be7 61. Ng3 f5 62.
gxf6 Bxf6 63. Ne4 Be7 64. Bd4 Bf8 65. Be5 Be7 66. Bd6 Bh4 67. Nd2 Bf2 68. Nb3 Bxc5 69. Bxc5 e5 70. Nd2 Kd7 71. Kd5 e4 72. Nxe4 Kc7 73. Bd6+ Kb7 74. Kc5 Ka6 75. Kc6 Ka7 76.
Bc5+ Ka6 77. Nc3 Ka5 78. Bd6 Ka6 79. Bc5 Ka5 80. Nd5 Ka6 81. Nc7+ Ka5 82. Kd5 Ka4 83.
Kc4 Ka5 84. Bb4+ Kb6 85. Nd5+ Kc6 86. Bd2 Kd6 87. Bf4+ Kc6 88. Kd4 Kb5 89. Nc3+ Kc6 90. Kc4 Kb6 91. Kd5 Kb7 92. Kc5 Ka6 93. Bc7 Kb7 94. Kd6 Ka6 95. Kc6 Ka7 96. Nd5 Ka6 97. Bd8 Ka7 98. Bg5 Ka6 99. Be3 Ka5 100. Bd4 Ka6 101. Nc7+ Ka5 102. Kc5 Ka4 103. Kc4 Ka5 104. Be3 Ka4 105. Bb6 Ka3 106. Nb5+ Ka4 107. Nc3+ Ka3 108. Bc5+ Kb2 109. Kd3 Kb3 110. Be7 Kb2 111. Kc4 Kc2 112. Bg5 Kb2 113. Nb5 Kc2 114. Nd4+ Kd1 115. Bh4 Kd2 116. Bg5+ Ke1 117. Kd3 Kf1 118. Ke4 Kg2 119. Be3 Kh3 120. Ne6 Kg2 121. Kf4 Kh3 122. Kf3 Kh2 123. Nf4 Kh1 124. Nd3 Kh2 125. Nf2 Kg1 126. Ng4+ Kh1 1/2-1/2

[Event "*** MasterClass Titled Tuesday Blitz"]
[Site "Chess.com"]
[Date "2017.12.12"]
[Round "2"]
[White "benhal"]
[Black "Penguininja"]
[Result "1-0"]
[WhiteElo "2268"]
[BlackElo "2389"]
[TimeControl "180+2"]
[EndTime "13:17:38 PST"]
[Termination "benhal won by resignation"]

1. e4 e5 2. Nf3 Nc6 3. Nc3 Nf6 4. Bb5 Bd6 5. d3 a6 6. Ba4 h6 7. a3 O-O 8. g4 b5 9. Bb3 Nd4 10. Ba2 Nxf3+ 11. Qxf3 Nh7 12. h4 Be7 13. g5 hxg5 14. hxg5 Bxg5 15. Qh5 Bh6 16. Bxh6 1-0

[Event "*** MasterClass Titled Tuesday Blitz"]
[Site "Chess.com"]
[Date "2017.12.12"]
[Round "2"]
[White "toad"]
[Black "SidArun"]
[Result "1-0"]
[WhiteElo "2188"]
[BlackElo "2179"]
[TimeControl "180+2"]
[EndTime "13:18:11 PST"]
[Termination "toad won by resignation"]

1. d4 Nf6 2. c4 c5 3. d5 e6 4. Nc3 exd5 5. cxd5 d6 6. e4 g6 7. Nge2 Bg7 8. Ng3 h5 9. Be2 h4 10. Nf1 O-O 11. Ne3 h3 12. g4 Re8 13.
f3 Nfd7 14. O-O f5 15. gxf5 Bd4 16. Kh1 Bxe3 17. Bxe3 gxf5 18. Rg1+ Kh8 19. Rg3 Ne5 20. Rxh3+ Kg7 21. Qg1+ Ng6 22. Bh6+ Kf7 23. Bg5 1-0

[Event "*** MasterClass Titled Tuesday Blitz"]
[Site "Chess.com"]
[Date "2017.12.12"]
[Round "2"]
[White "daro94"]
[Black "Fighterman91"]
[Result "1-0"]
[WhiteElo "2653"]
[BlackElo "2484"]
[TimeControl "180+2"]
[EndTime "13:18:54 PST"]
[Termination "daro94 won on time"]

1. e4 c5 2. Nf3 d6 3. Bb5+ Nd7 4. c3 Nf6 5. Qe2 e6 6. O-O a6 7. Ba4 b5 8. Bc2 Bb7 9. d4 Be7 10. Re1 cxd4 11. cxd4 O-O 12. Nbd2 e5 13. d5 1-0

[Event "*** MasterClass Titled Tuesday Blitz"]
[Site "Chess.com"]
[Date "2017.12.12"]
[Round "2"]
[White "AkshatChandra"]
[Black "JohanSalomon"]
[Result "1-0"]
[WhiteElo "2732"]
[BlackElo "2509"]
[TimeControl "180+2"]
[EndTime "13:18:56 PST"]
[Termination "AkshatChandra won by resignation"]

1. d4 Nf6 2. c4 e6 3. Nc3 Bb4 4. Nf3 d5 5. Qa4+ Nc6 6. e3 O-O 7. Bd2 Bd7 8. Qc2 dxc4 9. Bxc4 Bd6 10.
O-O e5 11. a3 a6 12. h3 h6 13. Rad1 exd4 14. exd4 Ne7 15. Ne5 b5 16. Ba2 Bf5 17. Qc1 c6 18. Rfe1 Ned5 19. Nxc6 Qd7 1-0

[Event "*** MasterClass Titled Tuesday Blitz"]
[Site "Chess.com"]
[Date "2017.12.12"]
[Round "2"]
[White "SenseiJulio"]
[Black "marianokar"]
[Result "1-0"]
[WhiteElo "2490"]
[BlackElo "2303"]
[TimeControl "180+2"]
[EndTime "13:19:04 PST"]
[Termination "SenseiJulio won by resignation"]

1. Nf3 Nf6 2. e3 g6 3. d4 Bg7 4.
c4 O-O 5. Be2 c5 6. O-O cxd4 7.
exd4 d5 8. Nc3 Nc6 9. h3 b6 10.
Bg5 Bb7 11. Re1 h6 12. Bh4 Re8 13. Ne5 e6 14. cxd5 exd5 15. Bb5 Re6 16. Nxc6 1-0

[Event "*** MasterClass Titled Tuesday Blitz"]
[Site "Chess.com"]
[Date "2017.12.12"]
[Round "2"]
[White "Schemato"]
[Black "robbykevlishvili"]
[Result "0-1"]
[WhiteElo "2297"]
[BlackElo "2445"]
[TimeControl "180+2"]
[EndTime "13:19:22 PST"]
[Termination "robbykevlishvili won by resignation"]

1. c4 Nf6 2. Nc3 e5 3. g3 d5 4. cxd5 Nxd5 5. Bg2 Nb6 6. a3 Nc6 7. Nf3 Be6 8. O-O a5 9. d3 a4 10. Be3 Bb3 11. Qc1 Nd5 12. Nxd5 Bxd5 13. Rd1 Be7 14. d4 e4 15. Ne5 O-O 16. Nxc6 bxc6 17. Rd2 f5 18. h4 Bd6 19. Bg5 Qb8 20. e3 h6 21. Bf4 Bxf4 22. exf4 Re8 23. Rc2 Qb6 24.
Rc5 Rab8 25. Rb1 Qb3 26. Qe3 Qa2 27. Rbc1 Rxb2 28. Bf1 Rb3 29. R5c3 Qxa3 30. Rxb3 axb3 31. Bc4 Bxc4 32. Rxc4 Qa1+ 33. Kg2 b2 34. Qb3 b1=Q 0-1

[Event "*** MasterClass Titled Tuesday Blitz"]
[Site "Chess.com"]
[Date "2017.12.12"]
[Round "2"]
[White "mishanick"]
[Black "tango_argentino"]
[Result "1-0"]
[WhiteElo "2774"]
[BlackElo "2522"]
[TimeControl "180+2"]
[EndTime "13:19:45 PST"]
[Termination "mishanick won by resignation"]

1. d4 Nf6 2. c4 g6 3. Nc3 Bg7 4. e4 d6 5. Nf3 O-O 6. Be2 e5 7.
Be3 exd4 8. Nxd4 Re8 9. f3 c6 10.
Bf2 d5 11. exd5 cxd5 12. O-O Nc6 13. c5 Re5 14. Qd2 Bd7 15. Rfe1 Qf8 16. Bb5 Nh5 17. Rxe5 Bxe5 18. Re1 Bf4 19. Qd1 a6 20. Ba4 Rd8 21.
Nxd5 Nxd4 22. Bxd7 Rxd7 23. Qxd4 Qd8 24. Ne7+ Qxe7 25. Rxe7 Rxd4 26. Re8+ Kg7 27. Bxd4+ Kh6 28. Re7 f5 29. g4 fxg4 30. fxg4 Bg5 31. Rxb7 Nf6 1-0

[Event "*** MasterClass Titled Tuesday Blitz"]
[Site "Chess.com"]
[Date "2017.12.12"]
[Round "2"]
[White "BartoszSocko"]
[Black "jbj"]
[Result "1-0"]
[WhiteElo "2534"]
[BlackElo "2280"]
[TimeControl "180+2"]
[EndTime "13:19:52 PST"]
[Termination "BartoszSocko won by resignation"]

1. e4 d5 2. exd5 Qxd5 3. Nc3 Qd8 4. d4 Nf6 5. g3 c6 6. Bg2 Bg4 7. Nge2 e6 8. h3 Bf5 9. O-O h5 10. Bg5 Be7 11. Re1 Nbd7 12. Nf4 Qb6 13. Na4 Qc7 14. c4 Nb6 15. Rc1 Nxa4 16. Qxa4 O-O 17. d5 e5 18. Bxf6 gxf6 19. Nxh5 Bg6 20. Bf3 e4 21. Rxe4 Bxe4 22. Bxe4 Qe5 23. Bf3 cxd5 24. cxd5 Rac8 25.
Qg4+ Qg5 26. Rxc8 Rxc8 27. Qxc8+ Kh7 28. h4 1-0

[Event "*** MasterClass Titled Tuesday Blitz"]
[Site "Chess.com"]
[Date "2017.12.12"]
[Round "2"]
[White "NateSolon"]
[Black "twitchTriniCupid"]
[Result "1-0"]
[WhiteElo "2352"]
[BlackElo "2228"]
[TimeControl "180+2"]
[EndTime "13:20:04 PST"]
[Termination "NateSolon won by resignation"]

1. e4 c6 2. Bc4 d5 3. Bb3 a5 4. a3 a4 5. Ba2 dxe4 6. Qh5 g6 7. Qh4 Bg7 8. Nc3 Nf6 9. f3 exf3 10. Nxf3 O-O 11. d4 Bf5 12. Bh6 Bxh6 13. Qxh6 Ng4 14. Qd2 e5 15. h3 Nf6 16. Nxe5 Nbd7 17. O-O-O Nxe5 18. dxe5 Ne4 19. Nxe4 Bxe4 20. Qf4 Bd5 21. c4 Rc8 22. cxd5 cxd5+ 23. Kb1 Qc7 24. Bxd5 Qc2+ 25.
Ka1 Qe2 26. Rhe1 Qb5 27. e6 1-0

[Event "*** MasterClass Titled Tuesday Blitz"]
[Site "Chess.com"]
[Date "2017.12.12"]
[Round "2"]
[White "liquormark"]
[Black "PinguInTheCity"]
[Result "0-1"]
[WhiteElo "2009"]
[BlackElo "2003"]
[TimeControl "180+2"]
[EndTime "13:20:07 PST"]
[Termination "PinguInTheCity won by resignation"]

1. c4 Nf6 2. Nc3 e5 3. g3 a6 4. Bg2 Bc5 5. Nf3 d6 6. O-O Nc6 7. d3 h6 8. e3 Ba7 9. Rb1 O-O 10.
b4 Be6 11. Qe2 Qc8 12. Rd1 Bh3 13. d4 exd4 14. exd4 Re8 15. Qf1 Bg4 16. c5 Qf5 17. Nh4 Qh5 18. f3 Bd7 19. Qd3 a5 20. b5 Nb4 21. Rxb4 axb4 22. Ne2 dxc5 23. g4 Qxh4 0-1

[Event "*** MasterClass Titled Tuesday Blitz"]
[Site "Chess.com"]
[Date "2017.12.12"]
[Round "2"]
[White "rst2003"]
[Black "oogee"]
[Result "0-1"]
[WhiteElo "2179"]
[BlackElo "2183"]
[TimeControl "180+2"]
[EndTime "13:20:12 PST"]
[Termination "oogee won by resignation"]

1. e4 c5 2. Nf3 d6 3. d4 cxd4 4. Nxd4 Nf6 5. Nc3 a6 6. Be3 e5 7.
Nb3 Be6 8. f3 Nbd7 9. Qd2 b5 10.
a4 b4 11. Nd5 Bxd5 12. exd5 Nb6 13. Bxb6 Qxb6 14. O-O-O g6 15. Kb1 Bg7 16. Be2 O-O 17.
g4 Rfc8 18. h4 Ra7 19. h5 Rac7 20. Rc1 Nd7 21. hxg6 hxg6 22. Bd3 Nc5 23. Nxc5 Rxc5 24. Be4 b3 25. c3 Qa5 26. Rcd1 Qxa4 27. Kc1 Qa1+ 28.
Bb1 Rxc3+ 29. bxc3 Rxc3+ 0-1

[Event "*** MasterClass Titled Tuesday Blitz"]
[Site "Chess.com"]
[Date "2017.12.12"]
[Round "2"]
[White "juniortay"]
[Black "DrVelja"]
[Result "0-1"]
[WhiteElo "2325"]
[BlackElo "2553"]
[TimeControl "180+2"]
[EndTime "13:20:17 PST"]
[Termination "DrVelja won by resignation"]

1. e4 c5 2. Nc3 Nc6 3. f4 g6 4. Nf3 Bg7 5. Bb5 Nd4 6. O-O Nxb5 7. Nxb5 d5 8. e5 d4 9. a4 Nh6 10. Qe1 O-O 11. d3 Nf5 12. g4 Ne3 13. Bxe3 dxe3 14.
h3 b6 15. Qxe3 Bb7 16. Nc3 f6 17. Nd2 fxe5 18. fxe5 Qd4 19. Qxd4 cxd4 20. Nce4 Bxe5 21. Rxf8+ Rxf8 22. Rf1 Bf4 23. Kg2 Bxd2 0-1

[Event "*** MasterClass Titled Tuesday Blitz"]
[Site "Chess.com"]
[Date "2017.12.12"]
[Round "2"]
[White "visa"]
[Black "truki"]
[Result "0-1"]
[WhiteElo "2095"]
[BlackElo "2207"]
[TimeControl "180+2"]
[EndTime "13:20:26 PST"]
[Termination "truki won by resignation"]

1. e4 c6 2. Bc4 d5 3. Bb3 dxe4 4. Qh5 g6 5. Qh4 Nf6 6. Nc3 Bf5 7. f3 exf3 8. Nxf3 Bg7 9. d4 h6 10. Ne5 e6 11. g4 Qxd4 12. Qg3 Nxg4 13. Nf3 Qd8 14.
Bf4 Nf6 15. Rd1 Nbd7 16. Ne5 O-O 17. Rd2 Nd5 18. Nf3 N7f6 19. Be5 Nh5 20. Qf2 Qb6 21.
Qe2 Nhf4 22. Qc4 Qe3+ 23. Qe2 Nxe2 0-1

[Event "*** MasterClass Titled Tuesday Blitz"]
[Site "Chess.com"]
[Date "2017.12.12"]
[Round "2"]
[White "Swarajan"]
[Black "Veiso"]
[Result "0-1"]
[WhiteElo "2111"]
[BlackElo "2237"]
[TimeControl "180+2"]
[EndTime "13:20:35 PST"]
[Termination "Veiso won by resignation"]

1. d4 Nf6 2. c4 c5 3. d5 e6 4. Nc3 exd5 5. cxd5 d6 6. e4 g6 7. Nf3 Bg7 8. Be2 O-O 9. O-O a6 10. a4 Bg4 11. Qc2 Re8 12. Bf4 Bxf3 13. Bxf3 Qe7 14. Rfe1 Nbd7 15. a5 Ne5 16. Be2 h6 17. Bg3 g5 18. f4 gxf4 19. Bxf4 Ng6 20. Bg3 Nxe4 21. Bd3 Bd4+ 22. Kh1 Nxg3+ 23. hxg3 Qg5 24. Bf5 Qxg3 25. Ne4 Qh4+ 26. Bh3 f5 27. Ra3 Qxe1+ 28. Kh2 Qxe4 29. Qd2 Qf4+ 0-1

[Event "*** MasterClass Titled Tuesday Blitz"]
[Site "Chess.com"]
[Date "2017.12.12"]
[Round "2"]
[White "djano"]
[Black "Yaacovn"]
[Result "1/2-1/2"]
[WhiteElo "2350"]
[BlackElo "2634"]
[TimeControl "180+2"]
[EndTime "13:20:43 PST"]
[Termination "Game drawn by repetition"]

1. d4 Nf6 2. Nc3 d5 3. Bf4 c6 4. e3 g6 5. Nf3 Bg7 6. h4 Bg4 7.
Be2 Nbd7 8. Ne5 Bxe2 9. Qxe2 O-O 10. O-O-O Nxe5 11. Bxe5 b5 12. g4 b4 13. Na4 Qa5 14.
b3 Ne4 15. h5 Nc3 16. Qf3 Nxa4 17. Bxg7 Kxg7 18. bxa4 Qxa4 19. Kb1 Rab8 20. Qf4 b3 21.
cxb3 Rxb3+ 22. axb3 Qxb3+ 23. Kc1 Qc3+ 24. Kb1 Qb3+ 25.
Kc1 Qc3+ 26. Kb1 Qb3+ 27. Kc1 Qc3+ 1/2-1/2

[Event "*** MasterClass Titled Tuesday Blitz"]
[Site "Chess.com"]
[Date "2017.12.12"]
[Round "2"]
[White "windking123"]
[Black "LuisFSiles"]
[Result "1-0"]
[WhiteElo "2367"]
[BlackElo "2229"]
[TimeControl "180+2"]
[EndTime "13:20:49 PST"]
[Termination "windking123 won by resignation"]

1. e4 e5 2. Nf3 Nc6 3. Bb5 a6 4. Ba4 Nf6 5. O-O Be7 6. c3 b5 7.
Bc2 d6 8. d4 Bg4 9. dxe5 Nxe5 10.
Nbd2 O-O 11. h3 Bh5 12. Qe2 Re8 13. Qe3 d5 14. Nxe5 Bd6 15. f4 c5 16. exd5 Nxd5 17.
Qd3 Nf6 18. Ne4 Bxe5 19. Nxf6+ Bxf6 20. Qxh7+ Kf8 21. Qh8+ Ke7 22. Qxh5 g6 23. Qf3 Kf8 24. Be3 Kg7 25. Rad1 Qc7 26. f5 b4 27. fxg6 Qe5 28.
Bf4 1-0

[Event "*** MasterClass Titled Tuesday Blitz"]
[Site "Chess.com"]
[Date "2017.12.12"]
[Round "2"]
[White "chess2matters"]
[Black "Big_Fishy"]
[Result "0-1"]
[WhiteElo "2323"]
[BlackElo "2353"]
[TimeControl "180+2"]
[EndTime "13:20:52 PST"]
[Termination "Big_Fishy won by resignation"]

1. d4 Nf6 2. c4 g6 3. g3 Bg7 4.
Bg2 d6 5. Nf3 O-O 6. O-O Nbd7 7.
Nc3 e5 8. e4 exd4 9. Nxd4 Re8 10.
h3 a6 11. Be3 Rb8 12. b3 Ne5 13. f4 Nc6 14. Rc1 Bd7 15. Kh2 b5 16. cxb5 Nxd4 17. Bxd4 axb5 18. Bxf6 Bxf6 19. Nd5 c6 20. Nxf6+ Qxf6 21.
e5 Qe6 22. Bxc6 Rbd8 23. Bxd7 Rxd7 24. exd6 Rxd6 25. Qf3 Qe2+ 26. Qf2 Rd2 27. Kg1 Qd3 28.
Qf3 Qd4+ 29. Kh1 Ree2 0-1

[Event "*** MasterClass Titled Tuesday Blitz"]
[Site "Chess.com"]
[Date "2017.12.12"]
[Round "2"]
[White "Vamostodorecto"]
[Black "Quiet_Desperation"]
[Result "0-1"]
[WhiteElo "2321"]
[BlackElo "2376"]
[TimeControl "180+2"]
[EndTime "13:20:53 PST"]
[Termination "Quiet_Desperation won by resignation"]

1. d4 Nf6 2. c4 e6 3. Nc3 Bb4 4. e3 b6 5. Bd3 Bb7 6. Nf3 O-O 7. O-O c5 8. a3 cxd4 9. exd4 Be7 10. b4 d6 11. d5 exd5 12. Nxd5 Nxd5 13. cxd5 Nd7 14.
Bb2 Bf6 15. Ra2 g6 16. Bxf6 Qxf6 17. Bb5 Ne5 18. Nxe5 dxe5 19. Rd2 Rad8 20. d6 Qg5 21. f3 e4 22. f4 Qxb5 23. f5 e3 24.
Re2 Rfe8 25. Qd4 Qxe2 0-1

[Event "*** MasterClass Titled Tuesday Blitz"]
[Site "Chess.com"]
[Date "2017.12.12"]
[Round "2"]
[White "filali-oujda"]
[Black "BjarkeSahl"]
[Result "1-0"]
[WhiteElo "2349"]
[BlackElo "2224"]
[TimeControl "180+2"]
[EndTime "13:21:00 PST"]
[Termination "filali-oujda won by resignation"]

1. e4 c5 2. Nf3 e6 3. d4 cxd4 4. Nxd4 Nc6 5. c4 Qb6 6. Nb3 d6 7. Nc3 a6 8. Be2 Qc7 9. O-O b6 10. Bf4 Nf6 11. Rc1 Nd7 12. Nd5 Qd8 13. Ne3 Qc7 14. c5 bxc5 15. Nxc5 Nde5 16. Nb3 Qa7 17. Bg3 Bd7 18. Qd2 Be7 19. f4 Ng6 20. Bf2 Qb7 21. f5 Nge5 22. fxe6 fxe6 23. Ng4 O-O 24. Kh1 Nxg4 25. Bxg4 Ne5 26. Bh3 Rf6 27. Bg3 Raf8 28. Rfe1 Bc6 29. Nd4 Bxe4 30. Nxe6 R8f7 31. Ng5 Rf8 32. Nxe4 1-0

[Event "*** MasterClass Titled Tuesday Blitz"]
[Site "Chess.com"]
[Date "2017.12.12"]
[Round "2"]
[White "krzyzan94"]
[Black "vpantev"]
[Result "1-0"]
[WhiteElo "2611"]
[BlackElo "2468"]
[TimeControl "180+2"]
[EndTime "13:21:01 PST"]
[Termination "krzyzan94 won by resignation"]

1. e4 c6 2. d4 d5 3. exd5 cxd5 4. Bd3 Nf6 5. Nf3 Bg4 6. c3 Nc6 7. Bf4 e6 8. Nbd2 Bd6 9. Bxd6 Qxd6 10. h3 Bh5 11.
O-O O-O 12. Qe2 Rab8 13. Rae1 a6 14. Qe3 Bg6 15. Ne5 b5 16. f4 a5 17. g4 Bxd3 18.
Qxd3 Nd7 19. Ndf3 b4 20. Ng5 Nf6 21. f5 h6 22. Ngxf7 Rxf7 23. Nxf7 Kxf7 24. fxe6+ Kf8 25. Kh1 Ne7 26. Rxf6+ gxf6 27. Qh7 Ke8 28. Qh8+ Ng8 29. Qxg8+ Qf8 30. Qg6+ Ke7 31. Qh7+ 1-0

[Event "*** MasterClass Titled Tuesday Blitz"]
[Site "Chess.com"]
[Date "2017.12.12"]
[Round "2"]
[White "Vahe_Dan"]
[Black "Konavets"]
[Result "1-0"]
[WhiteElo "2547"]
[BlackElo "2767"]
[TimeControl "180+2"]
[EndTime "13:21:22 PST"]
[Termination "Vahe_Dan won by checkmate"]

1. e4 c5 2. Nc3 e6 3. Nf3 a6 4. d4 cxd4 5. Nxd4 b5 6. g3 Bb7 7. Bg2 Qb6 8. O-O Nc6 9. Nb3 Nf6 10. Re1 d6 11. a4 b4 12. a5 Qc7 13. Na2 Nxa5 14. Nxa5 Qxa5 15. Bd2 Qc7 16. Nxb4 Be7 17. Nd3 O-O 18. Ba5 Qc8 19. b3 d5 20. exd5 Bxd5 21. Bxd5 Nxd5 22. c4 Nf6 23. c5 Rb8 24. b4 Nd5 25. Rc1 Bf6 26. c6 Bc3 27. c7 Rb5 28. Re4 Rxa5 29. bxa5 Qxc7 30. Qe2 Qxa5 31. Rc4 g6 32.
R1xc3 Nxc3 33. Qe1 Rb8 34. Rxc3 Qa2 35. Qe5 Qb1+ 36.
Kg2 Rd8 37. Nc5 Qb5 38. Qc7 Rd5 39. Qc8+ Kg7 40. Nxe6+ fxe6 41. Rc7+ Kf6 42. Qf8+ Ke5 43. Qf4# 1-0

[Event "*** MasterClass Titled Tuesday Blitz"]
[Site "Chess.com"]
[Date "2017.12.12"]
[Round "2"]
[White "Tash_Boy"]
[Black "saraswathii"]
[Result "1-0"]
[WhiteElo "2454"]
[BlackElo "2272"]
[TimeControl "180+2"]
[EndTime "13:21:27 PST"]
[Termination "Tash_Boy won by resignation"]

1. d4 Nf6 2. c4 d6 3. Nc3 g6 4. e4 Bg7 5. g3 O-O 6. Bg2 e5 7. Nge2 exd4 8. Nxd4 Re8 9. O-O Nbd7 10. h3 Nc5 11. Re1 a5 12. b3 h6 13. f3 Qe7 14.
Be3 c6 15. Qd2 Kh7 16. Rad1 Bd7 17. Nc2 Red8 18. Qxd6 Qxd6 19. Rxd6 Ne8 20. Rd4 Bxd4 21. Bxd4 Ne6 22. Bb6 Rdb8 23. f4 Nf6 24. Rd1 Be8 25. f5 Ng7 26. g4 Nd7 27. Bd4 Rd8 28. Na4 b5 29. cxb5 cxb5 30. Nc3 Rac8 31. Ne3 b4 32. Ncd5 Nc5 33. Bxc5 1-0

[Event "*** MasterClass Titled Tuesday Blitz"]
[Site "Chess.com"]
[Date "2017.12.12"]
[Round "2"]
[White "xamax2000"]
[Black "AndrewDGreen"]
[Result "1-0"]
[WhiteElo "2234"]
[BlackElo "2089"]
[TimeControl "180+2"]
[EndTime "13:21:30 PST"]
[Termination "xamax2000 won by checkmate"]

1. e4 Nf6 2. e5 Nd5 3. d4 d6 4. Nf3 dxe5 5. Nxe5 c6 6. Be2 Bf5 7. O-O Nd7 8. Nf3 e6 9. c4 N5f6 10. Nc3 Ne4 11. Bf4 Nxc3 12. bxc3 Be7 13. Qb3 b6 14.
Rad1 O-O 15. Ne5 Nxe5 16. Bxe5 Qd7 17. Bf3 Rac8 18. Rfe1 Bd6 19. h4 Qe7 20. g4 Bxe5 21. dxe5 Bxg4 22. Bxg4 Qxh4 23. Bf3 f6 24. Re4 Qg5+ 25.
Bg2 f5 26. Red4 f4 27. c5 Rce8 28. f3 Qxe5 29. cxb6 Rf6 30. b7 Rg6 31. Re4 Qg5 32. Rd2 Qc5+ 33. Kf1 Rb8 34. Rxe6 Rxb7 35. Re8# 1-0

[Event "*** MasterClass Titled Tuesday Blitz"]
[Site "Chess.com"]
[Date "2017.12.12"]
[Round "2"]
[White "TijanaBlagojevic"]
[Black "Jbd735"]
[Result "1/2-1/2"]
[WhiteElo "2381"]
[BlackElo "2253"]
[TimeControl "180+2"]
[EndTime "13:21:36 PST"]
[Termination "Game drawn by agreement"]

1. e4 e5 2. Nf3 Nc6 3. Nc3 Nf6 4. d4 exd4 5. Nxd4 Bb4 6. Nxc6 bxc6 7. Bd3 d5 8. exd5 cxd5 9. O-O O-O 10. h3 c6 11.
Qf3 Be6 12. Bf4 Bd6 13. Ne2 Bxf4 14. Nxf4 Rb8 15. b3 Qd6 16. Rfe1 Rfe8 17. Re3 Bd7 18.
Rae1 Rxe3 19. Rxe3 Re8 20. Nh5 Nxh5 21. Qxh5 g6 22.
Qe2 Rxe3 23. Qxe3 Qa3 24. Qe5 Qxa2 25. Qb8+ Kg7 26. Qe5+ Kg8 27. Qd6 Qa1+ 28. Kh2 Be6 29. Qxc6 Qe5+ 30. Kg1 Qe1+ 31. Bf1 d4 32. Qa8+ Kg7 33.
Qxa7 Qc3 34. Qb8 Qxc2 35. Qe5+ Kg8 36. Qxd4 Qxb3 37. h4 Qd5 38. Qf4 Kg7 39. Be2 h6 40. Bf3 Qf5 41. Qd4+ Qf6 42. Qxf6+ Kxf6 43. g3 g5 44.
hxg5+ hxg5 1/2-1/2

[Event "*** MasterClass Titled Tuesday Blitz"]
[Site "Chess.com"]
[Date "2017.12.12"]
[Round "2"]
[White "TheLancer"]
[Black "goldenspine"]
[Result "1-0"]
[WhiteElo "2460"]
[BlackElo "2286"]
[TimeControl "180+2"]
[EndTime "13:21:40 PST"]
[Termination "TheLancer won by resignation"]

1. e4 e6 2. d4 d5 3. Nc3 Bb4 4. e5 c5 5. a3 Bxc3+ 6. bxc3 Ne7 7. Nf3 Nbc6 8. a4 O-O 9. Bd3 Ng6 10. Ng5 h6 11.
Nxf7 Rxf7 12. Bxg6 Rf8 13. Qg4 Qb6 14. Ba3 Qa5 15. O-O Qxc3 16. Bxc5 Nxe5 17. dxe5 Qxc5 18. Bd3 Bd7 19. Qg6 Be8 20. Qxe6+ Bf7 21. Qf5 g6 22. Qg4 Kh7 23. e6 Qc8 24. Rae1 Re8 25. exf7 Qxg4 26.
fxe8=Q Rxe8 27. Rxe8 h5 28. Rfe1 Qxa4 29. R8e6 Qb4 30.
Kf1 a5 31. Rxg6 Kh8 32. Re8+ Kh7 33. Rb6+ Qe4 34. Bxe4+ 1-0

[Event "*** MasterClass Titled Tuesday Blitz"]
[Site "Chess.com"]
[Date "2017.12.12"]
[Round "2"]
[White "Marcin"]
[Black "Scott-fox21"]
[Result "0-1"]
[WhiteElo "2191"]
[BlackElo "2147"]
[TimeControl "180+2"]
[EndTime "13:21:41 PST"]
[Termination "Scott-fox21 won by resignation"]

1. d4 d5 2. c4 e6 3. Nc3 c6 4. e4 Bb4 5. Bd3 dxc4 6. Bxc4 Nf6 7. Qd3 O-O 8. Ne2 c5 9. a3 Ba5 10. dxc5 Nc6 11. O-O Ne5 12. Qxd8 Rxd8 13. Ba2 Nd3 14. b4 Bc7 15. Be3 a5 16. Rab1 axb4 17. axb4 Nxe4 18. Bc4 Nxc3 19. Nxc3 Be5 20. Ne4 Nb2 21. Be2 f5 22. Nd6 Na4 23. Nc4 Bf6 24.
Rfd1 Nc3 25. Rxd8+ Bxd8 26. Re1 Nxe2+ 27. Kf1 Nc3 28.
Rc1 Nd5 29. Bd4 Nxb4 30. Nb6 Bxb6 31. cxb6 Nd5 32. f3 Bd7 33. Re1 Ra6 0-1

[Event "*** MasterClass Titled Tuesday Blitz"]
[Site "Chess.com"]
[Date "2017.12.12"]
[Round "2"]
[White "djogrodek1"]
[Black "dusanacns"]
[Result "0-1"]
[WhiteElo "2327"]
[BlackElo "2612"]
[TimeControl "180+2"]
[EndTime "13:21:48 PST"]
[Termination "dusanacns won by resignation"]

1. e4 d6 2. d4 Nf6 3. Nc3 e5 4. Nge2 exd4 5. Nxd4 Be7 6. Be2 O-O 7. O-O Re8 8. f4 Bf8 9. Bf3 c5 10. Nde2 Nc6 11.
Re1 Rb8 12. a4 Nb4 13. Ng3 d5 14. e5 d4 15. Nb5 a6 16. Na3 Nfd5 17. Ne4 Bf5 18. Nc4 Bxe4 19. Bxe4 b5 20. axb5 axb5 21. Na3 g6 22. Qe2 f6 23. e6 f5 24. Bxd5 Qxd5 25.
Nxb5 Rb7 26. Bd2 Nxc2 27. Ra6 Nxe1 28. Bxe1 c4 29. Na3 d3 0-1

[Event "*** MasterClass Titled Tuesday Blitz"]
[Site "Chess.com"]
[Date "2017.12.12"]
[Round "2"]
[White "walkingcreep"]
[Black "jposthuma"]
[Result "1-0"]
[WhiteElo "2403"]
[BlackElo "2319"]
[TimeControl "180+2"]
[EndTime "13:21:48 PST"]
[Termination "walkingcreep won on time"]

1. d4 Nf6 2. c4 c5 3. d5 b5 4.
Nf3 Bb7 5. Qc2 bxc4 6. e4 e6 7.
Bxc4 exd5 8. exd5 Bxd5 9. Bxd5 Nxd5 10. O-O Be7 11. Re1 Nb4 12. Qxc5 Nd3 13. Qd5 Nxe1 14. Qxa8 Nc2 15. Qe4 Nxa1 16. Nc3 O-O 17. Qb1 d5 18. Qxa1 d4 19. Ne4 Qd5 20. Qb1 h6 21. Bd2 Nc6 22.
a3 Ne5 23. Nxe5 Qxe5 24. Qd3 Re8 25. f3 f5 26. Ng3 g6 27. Ne2 Bf6 28. Nf4 Kh7 29.
Qc4 Re7 30. Nd5 Rd7 31. Nf4 Rc7 32. Qd3 Bg5 33. g3 Bxf4 34. Bxf4 Qd5 35. Bxc7 h5 36. Bf4 Qc5 37. Bg5 Qd6 38. Be3 1-0

[Event "*** MasterClass Titled Tuesday Blitz"]
[Site "Chess.com"]
[Date "2017.12.12"]
[Round "2"]
[White "TomsKantans"]
[Black "StoreySniper"]
[Result "1-0"]
[WhiteElo "2429"]
[BlackElo "2305"]
[TimeControl "180+2"]
[EndTime "13:21:53 PST"]
[Termination "TomsKantans won by checkmate"]

1. e4 g6 2. d4 Bg7 3. Nc3 c5 4. dxc5 Bxc3+ 5. bxc3 Nf6 6. f3 Qa5 7. Qd4 Nc6 8. Qc4 b6 9. Be3 Ba6 10. Qxa6 Qxc3+ 11. Kf2 Qxa1 12. cxb6 O-O 13. b7 Rab8 14. Bc4 Ne5 15. Bb3 d6 16. Bxa7 Qc1 17. Bxb8 Rxb8 18.
Qa7 Rxb7 19. Qxb7 Neg4+ 20. fxg4 Nxg4+ 21. Kg3 h5 22. Qc8+ Kh7 23. Nf3 Qxh1 24. Bxf7 Qa1 25. Qg8+ Kh6 26. Qxg6# 1-0